 Dungeon Crawl Stone Soup version 0.18.1-48-g4cf74bf (webtiles) character file.

211 torvon the Stinger (level 5, -12/24 HPs)
             Began as a Spriggan Venom Mage on Aug 11, 2016.
             Shot with an arrow by a centaur (14 damage)
             ... on level 3 of the Dungeon.
             The game lasted 00:18:24 (3918 turns).

torvon the Stinger (Spriggan Venom Mage)            Turns: 3918, Time: 00:18:24

Health: -12/24     AC:  2    Str:  4    XL:     5   Next: 57%
Magic:  1/10       EV: 20    Int: 17    God:
Gold:   55         SH:  0    Dex: 17    Spells: 2 memorised, 5 levels left

rFire  . . .     SeeInvis +     p - +0 short sword
rCold  . . .     Gourm    .     a - +0 robe
rNeg   . . .     Faith    .     (shield restricted)
rPois  .         Spirit   .     (helmet restricted)
rElec  .         Dismiss  .     (no cloak)
rCorr  .         Reflect  .     (gloves unavailable)
SustAt .         Harm     .     (boots unavailable)
MR     .....                    (no amulet)
Stlth  +++.......               (no ring)
                                (no ring)

@: very slightly contaminated, very quick, not resistant to hostile
enchantments, fairly stealthy
A: unfitting armour, see invisible, herbivore 3, speed 3, slow metabolism 2
a: no special abilities


You were on level 3 of the Dungeon.
You were not hungry.

You visited 1 branch of the dungeon, and saw 3 of its levels.

You collected 55 gold pieces.

Inventory:

Hand Weapons
 d - a +0 whip
 e - a +0 dagger
 p - a +0 short sword (weapon)
Armour
 a - a +0 robe (worn)
Scrolls
 f - a scroll of remove curse {unknown}
 g - 2 scrolls of enchant armour {unknown}
 j - a scroll of identify {unknown}
 l - a scroll of recharging {unknown}
 n - a scroll of magic mapping {unknown}
 o - a scroll of teleportation {unknown}
Potions
 h - a potion of heal wounds {unknown}
 i - 3 potions of agility
 k - a potion of berserk rage
 m - a potion of mutation {unknown}
Books
 b - a Young Poisoner's Handbook

   Spells                             Type                      Level
   a - Sting                          Conjuration/Poison           1
   b - Cure Poison                    Poison                       2
   c - Mephitic Cloud                 Conjuration/Poison/Air       3
   d - Olgreb's Toxic Radiance        Poison                       4
   e - Venom Bolt                     Conjuration/Poison           5
Comestibles
 c - a bread ration
 q - a meat ration


   Skills:
 + Level 4.8 Dodging
 + Level 4.9 Stealth
 - Level 2.6 Spellcasting
 + Level 1.2 Conjurations
 * Level 5.4 Poison Magic


You had 5 spell levels left.
You knew the following spells:

 Your Spells              Type           Power        Failure   Level  Hunger
a - Sting                 Conj/Pois      ##..         6%          1    #......
b - Mephitic Cloud        Conj/Pois/Air  #.......     24%         3    ###....


Dungeon Overview and Level Annotations

Branches:
Dungeon (3/15)

Altars:
Ashenzari
Kikubaaqudgha
Makhleb
Pakellas
Qazlal


Innate Abilities, Weirdness & Mutations

You are tiny and cannot use many weapons and most armour.
You have supernaturally acute eyesight.
You are a herbivore.
You cover ground extremely quickly.
You need consume almost no food.


Message History

The sting hits the centaur.
The centaur is poisoned.
The centaur is moderately wounded.
The centaur shoots an arrow.
The arrow completely misses you.
The centaur shoots an arrow.
The arrow closely misses you.
You see here an arrow.
The centaur shoots an arrow.
The arrow closely misses you.
You see here an arrow.
Your magical contamination has completely faded away.
Casting: Sting
Confirm with . or Enter, or press ? or * to list all spells.
Aiming: Mephitic Cloud
Press: ? - help, Shift-Dir - straight line, p - centaur You miscast Mephitic Cloud.
You are very lightly contaminated with residual magic.
Wisps of poison gas drift from your hands.
The centaur looks more healthy.
The centaur shoots an arrow.
The arrow misses you.
The centaur shoots an arrow.
The arrow hits you!
Ouch! That really hurt!
You die...

......(........##'##....##
##....####.P####.).####.#
#.#..#..#..#..'.†.#..#.# +
#.P# .'..#.[#...'..#.#
#..####((###########.#
#....................#
#.....!...†......#
#......c?......#
#......#....(@.#
#.####(#########
#.c((.........
######.####### #.# #.# #.#
..# #.#


You could see a centaur.

Vanquished Creatures
  A hound (D:2)
  An orc wizard (D:3)
  Terence (D:2)
  3 adders (D:2)
  4 worms
  2 dart slugs (D:2)
  3 giant geckos
  6 orcs (D:3)
  7 bats
  8 giant cockroaches
  6 goblins
  5 hobgoblins
  8 jackals (D:1)
  9 kobolds
  5 giant newts
  8 rats
77 creatures vanquished.

Notes
Turn   | Place    | Note
--------------------------------------------------------------
     0 | D:1      | torvon the Spriggan Venom Mage began the quest for the Orb.
     0 | D:1      | Reached XP level 1. HP: 9/9 MP: 5/5
   235 | D:1      | Reached XP level 2. HP: 13/13 MP: 3/6
  1052 | D:1      | Reached XP level 3. HP: 16/16 MP: 0/8
  1215 | D:2      | Found a faded altar to an unknown god.
  1296 | D:2      | Found a shattered altar of Ashenzari.
  1592 | D:2      | Learned a level 3 spell: Mephitic Cloud
  1871 | D:2      | Found an oddly glowing altar of Pakellas.
  1891 | D:2      | Found an ancient bone altar of Kikubaaqudgha.
  2225 | D:2      | Reached XP level 4. HP: 21/21 MP: 1/9
  2398 | D:2      | Found a burning altar of Makhleb.
  2408 | D:2      | Reached skill level 5 in Poison Magic
  2587 | D:2      | Noticed Terence
  2764 | D:2      | Killed Terence
  2764 | D:2      | Reached XP level 5. HP: 24/24 MP: 0/10
  3050 | D:3      | Found a stormy altar of Qazlal.
  3436 | D:3      | Reached skill level 1 in Conjurations
  3876 | D:3      | Noticed a centaur
  3889 | D:3      | HP: 1/24 [centaur/arrow (12)]
  3918 | D:3      | Shot with an arrow by a centaur

Skill      XL: |  1  2  3  4  5 |
---------------+----------------+-----
Dodging        | 4 |  4.8
Stealth        | 4 |  4.9
Poison Magic   | 5 |  5.4
Conjurations   | 1 |  1.2
Spellcasting   | |  2.6

Action                   |  1- 3 |  4- 6 || total
-------------------------+-------+-------++-------
Melee: Whip              |    52 |    41 ||    93
       Unarmed           |     4 |       ||     4
       Short sword       |       |    21 ||    21
 Cast: Sting             |    84 |    70 ||   154
       Mephitic Cloud    |     1 |     6 ||     7
  Use: Potion            |       |     1 ||     1
 Stab: Sleeping          |     1 |     4 ||     5
  Eat: Bread ration      |       |     1 ||     1
Armor: Robe              |     9 |     3 ||    12
Dodge: Dodged            |    80 |    58 ||   138
